 Dungeon Crawl Stone Soup version 0.23-a0-696-gf95311e5ea (webtiles) character file.

4 Roikka the Caller (level 1, -1/13 HPs)
             Began as a Demonspawn Summoner on Jan 12, 2019.
             Slain by a leopard gecko (5 damage)
             ... on level 1 of the Dungeon.
             The game lasted 00:02:08 (265 turns).

Roikka the Caller (Demonspawn Summoner)              Turns: 265, Time: 00:02:09

Health: -1/13      AC:  2    Str:  8    XL:     1   Next: 58%
Magic:  0/3        EV: 12    Int: 16    God:
Gold:   10         SH:  0    Dex: 13    Spells: 3/4 levels left

rFire    . . .     SeeInvis .   (no weapon)
rCold    . . .     Gourm    .   (no shield)
rNeg     . . .     Faith    .   a - +0 robe
rPois    .         Spirit   .   (no helmet)
rElec    .         Reflect  .   (no cloak)
rCorr    .         Harm     .   (no gloves)
MR       .....                  (no boots)
Stlth    ++........             (no amulet)
HPRegen  0.04/turn              (no ring)
MPRegen  0.08/turn              (no ring)

@: very slightly contaminated
A: no striking features
a: no special abilities


You were on level 1 of the Dungeon.
You were not hungry.

You visited 1 branch of the dungeon, and saw 1 of its levels.

You collected 10 gold pieces.

Inventory:

Armour
 a - a +0 robe (worn)
Scrolls
 d - a scroll of teleportation {unknown}
Comestibles
 b - a chunk of flesh
 c - a ration


   Skills:
 + Level 1.8 Dodging
 + Level 1.9 Stealth
 + Level 2.1 Spellcasting
 + Level 4.0 Summonings


You had 3 spell levels left.
You knew the following spells:

 Your Spells              Type           Power        Failure   Level  Hunger
a - Summon Small Mammal   Summ           ##..         3%          1    #......

Your spell library contained the following spells:

 Spells                   Type           Power        Failure   Level  Hunger
 Call Imp                 Summ           ##......     6%          2    ###....
 Call Canine Familiar     Summ           ##......     12%         3    ###....
 Summon Guardian Golem    Hex/Summ       #.......     26%         3    ###....
 Summon Ice Beast         Ice/Summ       #.......     65%         4    #####..
 Summon Lightning Spire   Summ/Air       #.......     65%         4    #####..


Dungeon Overview and Level Annotations

Branches:
Dungeon (1/15)

Altars:


Message History

Confirm with . or Enter, or press ? or * to list all spells.
You miscast Summon Small Mammal.
Nothing appears to happen.
Your quokka barely misses the leopard gecko.
The leopard gecko hisses menacingly.
The leopard gecko misses your quokka.
The goblin hits your quokka with a +0 hand axe.
Some of the chunks of flesh in your inventory have rotted away.
Your quokka bites the leopard gecko.
The leopard gecko bites your quokka.
Your quokka dies!
Your quokka's corpse disappears in a puff of smoke!
The leopard gecko hisses angrily.
You see here a mace.
You see here a bat skeleton.
Casting: Summon Small Mammal (safe; 3% risk of failure)
Confirm with . or Enter, or press ? or * to list all spells.
The leopard gecko bites you.
You closely miss the leopard gecko.
The leopard gecko is almost dead.
The leopard gecko bites you.
You die...

.........###.###..#..#
########)#.....#......
........÷l........>..
.##########.#.......
##...#####...
##....##..##..#
####..#.##.≈..#
#.#l.####.≈≈≈.##
#.@r##.#..≈≈≈..#
##...#.≈..≈≈≈≈.#
#.≈..≈≈≈≈.≈≈≈≈##
#.≈.≈≈≈≈≈≈.≈.≈≈#
#...≈≈≈≈≈≈≈...##
##.≈≈≈≈≈≈≈≈≈.###
#.≈≈≈≈≈≈≈≈..#.#
#.≈≈≈≈.≈≈.≈.#÷#
#≈≈≈.≈<≈.≈≈≈..#


You could see a leopard gecko and a friendly quokka.

Vanquished Creatures
  A bat (D:1)
  A goblin (D:1)
2 creatures vanquished.

Vanquished Creatures (collateral kills)
  2 goblins (D:1)
  2 bats (D:1)
4 creatures vanquished.

Grand Total: 6 creatures vanquished

Notes
Turn   | Place    | Note
-------+----------+-------------------------------------------
     0 | D:1      | Roikka the Demonspawn Summoner began the quest for the Orb.
     0 | D:1      | Reached XP level 1. HP: 13/13 MP: 3/3
   265 | D:1      | Slain by a leopard gecko

Vault maps used:
D:1:      dpeg_arrival_subterranean_lakeside_camping,
          chequers_serial_rivers_micro_c, minmay_circled_x

Action                   || total
-------------------------++-------
Melee: Unarmed           ||    18
 Cast: Summon Small Mamm ||     8
 Stab: Sleeping          ||     1
Armor: Robe              ||    10
Dodge: Dodged            ||    21

Table legend:
 A = Non-vault XP
 B = Vault XP
 C = Vault XP percentage of total XP
 D = Non-vault monster count
 E = Vault monster count
 F = Vault count percentage of total count
                 A         B        C        D         E       F
            +---------+---------+-------+---------+---------+-------
      Total |       4 |       3 |  42.9 |       3 |       3 |  50.0
            +---------+---------+-------+---------+---------+-------
        D:1 |       4 |       3 |  42.9 |       3 |       3 |  50.0
            +---------+---------+-------+---------+---------+-------
